 Dungeon Crawl Stone Soup version 0.29.1-15-g9cfb28693d (webtiles) character file.

Game seed: 15966435792521956770

95417 GimliDwarf the Eclecticist (level 16, -7/83 HPs)
             Began as a Tengu Conjurer on Dec 12, 2023.
             Was the Champion of Qazlal.
             Shot with a bolt by Vashnia (8 damage)
             ... on level 2 of the Snake Pit on Dec 13, 2023.
             The game lasted 02:59:51 (31325 turns).

GimliDwarf the Eclecticist (Tengu Conjurer)        Turns: 31325, Time: 02:59:52

Health: -7/83      AC:  9    Str:  9    XL:     16   Next: 14%
Magic:  19/40      EV: 14    Int: 24    God:    Qazlal [******]
Gold:   64         SH:  8    Dex: 12    Spells: 1/46 levels left

rFire   . . .      SeeInvis +   C - +5 scimitar "Woputs" {drain, rPois rN++ Dex-2 SInv}
rCold   + . .      Faith    .   (no shield)
rNeg    + + .      Spirit   .   u - +0 troll leather armour
rPois   +          Reflect  .   (helmet restricted)
rElec   .          Harm     .   S - +2 cloak {rCorr}
rCorr   +          Rampage  .   W - +0 pair of gloves of Bitterness {+Blink rPois rC+ Slay+4}
Will    ++...                   (boots unavailable)
Stlth   +.........              Q - amulet of magic regeneration
HPRegen 1.03/turn               N - ring of wizardry
MPRegen 0.67/turn               k - ring of willpower

@: flying quickly and evasively, repel missiles, quick
A: beak, talons 3, nimble flight, horns 1, high MP 1, poison resistance
a: Renounce Religion, Evoke Blink, Upheaval, Elemental Force, Disaster Area


You were on level 2 of the Snake Pit.
You worshipped Qazlal.
Qazlal was exalted by your worship.
You visited 5 branches of the dungeon, and saw 20 of its levels.
You also visited: Ossuary and Volcano.

You collected 2923 gold pieces.
You spent 2859 gold pieces at shops.

Inventory:

Hand Weapons
 A - a +5 spear of venom
 C - the +5 scimitar "Woputs" (weapon) {drain, rPois rN++ Dex-2 SInv}
   (You acquired it on level 9 of the Dungeon)

   A truly terrible weapon, it drains the life of any living foe it strikes.
   Dex:       It affects your dexterity (-2).
   rPois:     It protects you from poison.
   rN:        It greatly protects you from negative energy.
   SInv:      It lets you see invisible.
 O - the +9 flail "No More Talking" {spect, Will+ Str+2 Int+3}
   (You took it off a necromancer on level 5 of the Lair of Beasts)

   When its wielder attacks, the weapon's spirit leaps out and strikes again.
   The spirit shares a part of any damage it takes with its wielder.
   Str:       It affects your strength (+2).
   Int:       It affects your intelligence (+3).
   Will:      It increases your willpower.
Missiles
 E - 15 curare-tipped darts
Armour
 u - a +0 troll leather armour (worn)
 H - a +2 robe of cold resistance
 P - the +6 shadow dragon scales "Xeygaaf" {Rampage rPois Dex+2 Stlth++++}
   (You found it on level 5 of the Lair of Beasts)

   Dex:       It affects your dexterity (+2).
   rPois:     It protects you from poison.
   Rampage:   It bestows one free step when moving towards enemies.
   Stlth:     It makes you much more stealthy.
 R - a +2 robe of positive energy
 S - a +2 cloak of preservation (worn)
 V - a +3 leather armour of fire resistance
 W - the +0 pair of gloves of Bitterness (worn) {+Blink rPois rC+ Slay+4}
   (You bought it in a shop on level 2 of the Orcish Mines)

   Slay:      It affects your accuracy & damage with ranged weapons and melee
   (+4).
   rC:        It protects you from cold.
   rPois:     It protects you from poison.
   +Blink:    It lets you blink.
Jewellery
 a - a ring of positive energy
 d - a +4 ring of slaying
 g - an amulet of regeneration
 k - a ring of willpower (right hand)
 N - a ring of wizardry (left hand)
 Q - an amulet of magic regeneration (around neck)
Wands
 c - a wand of digging (1)
 h - a wand of paralysis (4)
 r - a wand of iceblast (3)
 y - a wand of polymorph (27)
 B - a wand of mindburst (11)
 G - a wand of flame (24)
 L - a wand of acid (6)
Scrolls
 l - a scroll of identify
 m - 2 scrolls of teleportation
 o - 4 scrolls of fear
 z - a scroll of magic mapping
 J - a scroll of poison
 K - a scroll of brand weapon
 M - a scroll of summoning
Potions
 b - 6 potions of magic
 f - 3 potions of might
 j - 9 potions of curing
 n - a potion of cancellation
 p - a potion of invisibility
 q - 9 potions of berserk rage
 s - 7 potions of lignification
 v - 3 potions of brilliance
 w - 3 potions of haste
 x - a potion of ambrosia
 D - a potion of heal wounds


   Skills:
 * Level 3.5 Fighting
 - Level 7.2 Long Blades
 + Level 1.0 Polearms
 + Level 7.0 Armour
 + Level 3.2 Dodging
 - Level 3.6 Stealth
 - Level 1.0 Shields
 + Level 15.8 Spellcasting
 + Level 15.0 Conjurations
 + Level 0.9 Hexes
 - Level 2.7 Translocations
 - Level 1.7 Transmutations
 * Level 10.7 Fire Magic
 + Level 3.1 Ice Magic
 * Level 12.3 Air Magic
 + Level 4.7 Poison Magic
 * Level 5.8 Invocations
 * Level 3.7 Evocations


You had one spell level left.
You knew the following spells:

 Your Spells              Type           Power      Damage    Failure   Level
a - Starburst             Conj/Fire      34%        6d10      1%          6
b - Gell's Gravitas       Tloc           32%        N/A       1%          3
c - Mephitic Cloud        Conj/Pois/Air  63%        N/A       1%          3
d - Conjure Flame         Conj/Fire      69%        6-21      1%          3
e - Flame Wave            Conj/Fire      69%        2d16      1%          4
f - Ignite Poison         Fire/Tmut/Pois 46%        N/A       1%          3
g - Iskenderun's Mystic   Conj/Tloc      58%        2d12      1%          4
h - Fulminant Prism       Conj/Hex       27%        3d14      1%          4
i - Inner Flame           Hex/Fire       47%        N/A       1%          3
j - Hailstorm             Conj/Ice       58%        3d13      1%          4
k - Lightning Bolt        Conj/Air       35%        1d53      1%          5
l - Frozen Ramparts       Ice            66%        1d10      1%          3

Your spell library contained the following spells:

 Spells                   Type           Power      Damage    Failure   Level
 Foxfire                  Conj/Fire      100%       2x1d9     0%          1
 Magic Dart               Conj           100%       1d8       0%          1
 Apportation              Tloc           64%        N/A       1%          1
 Freeze                   Ice            100%       1d11      1%          1
 Necrotise                Necr           76%        1d7       1%          1
 Summon Small Mammal      Summ           76%        N/A       1%          1
 Searing Ray              Conj           100%       2d8       0%          2
 Static Discharge         Conj/Air       71%        3-12/arc  0%          2
 Blink                    Tloc           64%        N/A       1%          2
 Dazzling Flash           Conj/Hex       100%       N/A       1%          3
 Lesser Beckoning         Tloc           32%        N/A       1%          3
 Ozocubu's Armour         Ice            33%        N/A       1%          3
 Teleport Other           Tloc           32%        N/A       1%          3
 Call Imp                 Summ           19%        N/A       2%          2
 Portal Projectile        Hex/Tloc       56%        N/A       2%          3
 Tukima's Dance           Hex            23%        N/A       3%          3
 Call Canine Familiar     Summ           19%        N/A       4%          3
 Passage of Golubria      Tloc           32%        N/A       4%          4
 Summon Ice Beast         Ice/Summ       26%        N/A       9%          4
 Leda's Liquefaction      Hex/Erth       10%        N/A       12%         4
 Manifold Assault         Tloc           32%        N/A       14%         5
 Yara's Violent Unravell  Hex/Tmut       12%        3d7       24%         5
 Summon Mana Viper        Hex/Summ       21%        N/A       32%         5
 Lee's Rapid Deconstruct  Erth           9%         3d8*      38%         5
 Maxwell's Capacitive Co  Air            33%        ∞         52%         8
 Storm Form               Tmut/Air       26%        N/A       54%         7
 Statue Form              Tmut/Erth      15%        N/A       82%         6
 Monstrous Menagerie      Summ           9%         N/A       100%        7


Dungeon Overview and Level Annotations

Branches:
Dungeon (10/15)            Temple (1/1) D:7            Lair (5/5) D:8
 Shoals (0/4) Lair:2        Snake (2/4) Lair:2        Slime (0/5) Lair:5
    Orc (2/2) D:10            Elf (0/3) Orc:2       Ossuary (visited)
Volcano (visited)

Altars:
Ashenzari
Cheibriados
Dithmenos
Elyvilon
Fedhas
Gozag
Hepliaklqana
Kikubaaqudgha
Makhleb
Nemelex Xobeh
Okawaru
Qazlal
Ru
Sif Muna
Trog
Uskayaw
Vehumet
Wu Jian
Xom
Yredelemnul
Zin
The Shining One
Jiyva

Shops:
D:3 (   D:5 =*:(*   D:9 (![?=   Orc:1 :   Orc:2 [*:[   Snake:2 =

Annotations:
D:9 3 runed translucent doors, Mickster's ghost, novice HOBe
Snake:2 Vashnia


Innate Abilities, Weirdness & Mutations

You have a beak for a mouth.
You have claws for feet.
Your magical nature lets you fly swiftly and evasively.
You have a pair of small horns on your head.
You have an increased reservoir of magic. (+10% MP)
Your system is resistant to poisons. (rPois)


Message History

The salamander shoots an arrow.
You block the arrow.
The salamander shoots an arrow.
The arrow barely misses you.
Casting: Hailstorm (safe; 1% risk of failure)
Confirm with . or Enter, or press ? or * to list all spells.
Casting: Hailstorm (safe; 1% risk of failure)
Press: ? - help, Dir - look around, f - activate A cannonade of hail descends around you!
The hail pelts the salamander!!
The salamander is frozen!
The salamander is heavily wounded.
Casting: Hailstorm (safe; 1% risk of failure)
Confirm with . or Enter, or press ? or * to list all spells.
Casting: Hailstorm (safe; 1% risk of failure)
Press: ? - help, Dir - look around, f - activate A cannonade of hail descends around you!
The hail pelts the salamander!!
The salamander is frozen!
The salamander is severely wounded.
The salamander shoots an arrow.
The arrow barely misses you.
The salamander drinks a potion.
The salamander is healed!
Casting: Hailstorm (safe; 1% risk of failure)
Confirm with . or Enter, or press ? or * to list all spells.
Casting: Hailstorm (safe; 1% risk of failure)
Press: ? - help, Dir - look around, f - activate A cannonade of hail descends around you!
The hail pelts the salamander!
The salamander is frozen!
The salamander is almost dead.
The salamander shoots an arrow.
You block the arrow.
The salamander hits you from afar with a +2 trident!
You are engulfed in flames!
Casting: Hailstorm (safe; 1% risk of failure)
Confirm with . or Enter, or press ? or * to list all spells.
Casting: Hailstorm (safe; 1% risk of failure)
Press: ? - help, Dir - look around, f - activate A cannonade of hail descends around you!
The hail pelts the salamander!!
The salamander is frozen!
You kill the salamander!
Qazlal accepts your kill.
Your Armour skill increases to level 7!
Vashnia shoots a bolt.
The bolt hits you!!!
* * * LOW HITPOINT WARNING * * *
You die...

####.[#.#....##......#.....#
####[)[#...#.....^####.!.###
#..[#[#........#### #...#
..[).)......######## #####
......)............#
###N##...#........#####
##.E.#...#.....####...#
.'.♣)##..#...###.(..<.#
###..☼########..@○○...#
###...#######.....#####
.###.○.N..N...○.###
.####....♣...N###
.##.##.......## ..
.....#.♣...♣.# ..##
.##.##.......## #..### .
.####.........## #....# ..
###N........)..## #....#...


You could see Vashnia and a salamander.

Vanquished Creatures
  A nagaraja (Snake:2)
  3 dire elephants (Lair:5)
  A red draconian (Volcano)
  Fannar (D:10)
  A boulder beetle (Lair:3)
  5 hydras
  3 two-headed ogres
  4 anacondas
  Erolcha (Orc:2)
  6 naga warriors
  3 death yaks (Lair:5)
  3 orc high priests (Orc:2)
  4 shock serpents
  Urug (Lair:4)
  Sonja (Lair:1)
  13 naga sharpshooters
  3 spectral death yaks (Lair:5)
  2 salamander mystics
  A spectral anaconda (Lair:5)
  2 naga ritualists (Snake:1)
  3 necromancers (Lair:5)
  An obsidian statue (Lair:5)
  5 mana vipers (Snake:1)
  6 orc knights
  Pikel (D:5)
  A manticore (Lair:3)
  5 orc sorcerers
  A cyclops (Volcano)
  10 salamanders
  2 guardian serpents (Snake:1)
  10 elephants
  A gargoyle (Volcano)
  Joseph (D:8)
  15 black mambas
  8 naga magi
  A molten gargoyle (Volcano)
  7 cane toads
  An unseen horror (D:10)
  A torpor snail (Lair:5)
  A dire elephant skeleton (Lair:5)
  4 rime drakes
  9 komodo dragons
  3 trolls
  The ghost of bairyn the Sneak, a novice SpAK of Lugonu (D:6)
  A merfolk (Lair:2)
  6 polar bears
  3 hornets
  A spectral elephant (Lair:5)
  11 dream sheep (Lair:5)
  23 blink frogs
  3 slime creatures (D:6)
  33 yaks
  5 wyverns
  4 basilisks
  A vampire mosquito (D:10)
  4 steam dragons
  A death yak simulacrum (Lair:5)
  24 nagas
  2 spectral cane toads (Lair:5)
  17 water moccasins
  A swamp drake (D:8)
  3 sky beasts (D:10)
  20 orc warriors
  2 ice beasts
  A black bear (D:8)
  2 hornet zombies (D:8)
  7 ogres
  9 wolves
  2 centaurs
  An elephant skeleton (Lair:5)
  A lemure (D:5)
  8 kobold brigands (D:6)
  10 bullfrogs
  3 gnoll sergeants
  7 scorpions
  A cane toad simulacrum (Lair:5)
  A wyvern zombie (D:8)
  An elephant simulacrum (Lair:5)
  8 killer bees (D:9)
  2 electric eels (Lair:3)
  4 howler monkeys
  4 jellies
  2 centaur zombies (D:8)
  4 hounds
  A gnoll bouda (D:6)
  9 orc priests
  4 iguanas
  11 hell rats
  13 orc wizards
  A killer bee zombie (D:8)
  13 mummies (Ossuary)
  2 howler monkey zombies (D:8)
  15 gnolls
  15 adders
  10 river rats (Lair:4)
  4 ufetubi
  A worm (D:3)
  A dart slug (D:1)
  44 orcs
  9 ball pythons
  9 endoplasms
  10 hobgoblins
  2 jackals (D:4)
  13 kobolds
  4 quokkas
  5 bats
  4 gnoll skeletons (Ossuary)
  6 goblins
  3 goblin skeletons (Ossuary)
  An orc skeleton (Ossuary)
  10 rats
  11 rat skeletons (Ossuary)
631 creatures vanquished.

Vanquished Creatures (collateral kills)
  3 orcs (Orc:2)
3 creatures vanquished.

Vanquished Creatures (others)
  A hell rat (Lair:3)
  18 fulminant prisms
  36 fungi
  31 plants
  7 toadstools (D:6)
  26 withered plants (Lair:5)
119 creatures vanquished.

Grand Total: 753 creatures vanquished

Notes
Turn   | Place    | Note
-------+----------+-------------------------------------------
     0 | D:1      | GimliDwarf the Tengu Conjurer began the quest for the Orb.
     0 | D:1      | Reached XP level 1. HP: 10/10 MP: 4/4
   177 | D:1      | Found a faded altar of an unknown god.
   311 | D:1      | Reached XP level 2. HP: 15/15 MP: 0/6
   372 | D:1      | Learned a level 2 spell: Searing Ray
  1248 | D:2      | Reached XP level 3. HP: 18/19 MP: 2/7
  1937 | D:2      | Learned a level 3 spell: Gell's Gravitas
  2094 | D:2      | Reached XP level 4. HP: 24/24 MP: 3/8
  2375 | D:3      | Found a hide-covered altar of Uskayaw.
  2662 | D:3      | Found Kuan's Weapon Emporium.
  2974 | D:3      | Gained mutation: Your magical nature lets you fly swiftly
                  | and evasively. [Tengu growth]
  2974 | D:3      | Reached XP level 5. HP: 20/28 MP: 1/9
  3166 | D:4      | Learned a level 4 spell: Iskenderun's Mystic Blast
  3422 | D:4      | Reached skill level 1 in Translocations
  3461 | D:4      | Reached XP level 6. HP: 29/32 MP: 4/11
  3785 | D:4      | Learned a level 3 spell: Conjure Flame
  3825 | D:4      | Reached skill level 1 in Fire Magic
  4004 | D:5      | Entered Level 5 of the Dungeon
  4023 | D:5      | Noticed Pikel
  4112 | D:5      | Found Sunat's General Store.
  4140 | D:5      | Found an opulent altar of Gozag.
  4167 | D:5      | Found a sand-covered staircase.
  4172 | Ossuary  | Entered an ossuary
  4402 | Ossuary  | Reached XP level 7. HP: 36/36 MP: 8/13
  5170 | Ossuary  | Identified a scroll of acquirement
  5170 | Ossuary  | Acquired 905 gold pieces
  5182 | D:5      | Gained mutation: Your spells are a little easier to cast,
                  | but a little less powerful. [potion of mutation]
  5182 | D:5      | Gained mutation: You have hidden genetic potential. [potion
                  | of mutation]
  5182 | D:5      | Gained mutation: You occasionally lose the ability to read
                  | scrolls when taking damage. [potion of mutation]
  5183 | D:5      | Lost mutation: You have hidden genetic potential. [potion
                  | of mutation]
  5183 | D:5      | Lost mutation: Your spells are a little easier to cast, but
                  | a little less powerful. [potion of mutation]
  5183 | D:5      | Lost mutation: You occasionally lose the ability to read
                  | scrolls when taking damage. [potion of mutation]
  5183 | D:5      | Gained mutation: You are resistant to electric shocks.
                  | (rElec) [potion of mutation]
  5183 | D:5      | Lost mutation: You are resistant to electric shocks.
                  | (rElec) [potion of mutation]
  5184 | D:5      | Gained mutation: You have an increased reservoir of magic.
                  | (+10% MP) [potion of mutation]
  5184 | D:5      | Gained mutation: You have a pair of small horns on your
                  | head. [potion of mutation]
  5184 | D:5      | Gained mutation: Your system is resistant to poisons.
                  | (rPois) [potion of mutation]
  5224 | D:5      | Found a glowing silver altar of Zin.
  5503 | D:5      | Found Uliroukk's Jewellery Boutique.
  5512 | D:5      | Bought a ring of see invisible for 195 gold pieces
  5512 | D:5      | Bought an amulet of regeneration for 390 gold pieces
  5696 | D:5      | Found Riqyxt's Weapon Shop.
  5777 | D:5      | Found Zotreo's Assorted Antiques.
  5888 | D:5      | Found Soicimahar's Book Shoppe.
  5894 | D:5      | Learned a level 4 spell: Flame Wave
  5900 | D:5      | Bought a book of Minor Magic for 180 gold pieces
  5900 | D:5      | Bought Incantation, Part Three for 240 gold pieces
  5905 | D:5      | Learned a level 3 spell: Mephitic Cloud
  6077 | D:5      | Killed Pikel
  6078 | D:5      | Reached skill level 5 in Spellcasting
  6078 | D:5      | Reached skill level 1 in Air Magic
  6078 | D:5      | Reached skill level 1 in Poison Magic
  6078 | D:5      | Reached XP level 8. HP: 41/41 MP: 5/18
  6521 | D:6      | Learned a level 3 spell: Ignite Poison
  6530 | D:6      | Reached skill level 10 in Conjurations
  6682 | D:6      | Found a runed translucent gate.
  6682 | D:6      | Found a runed translucent gate.
  6682 | D:6      | Found a runed translucent gate.
  6686 | D:6      | Noticed bairyn's ghost (novice SpAK)
  7021 | D:5      | Reached XP level 9. HP: 45/45 MP: 16/21
  8228 | D:6      | Reached skill level 1 in Armour
  8581 | D:6      | Learned a level 4 spell: Iskenderun's Mystic Blast
  9612 | D:7      | Found a staircase to the Ecumenical Temple.
  9835 | Temple   | Entered the Ecumenical Temple
  9842 | Temple   | Became a worshipper of Qazlal Stormbringer
  9920 | D:8      | Noticed Joseph
  9920 | D:8      | Noticed a two-headed ogre
 10226 | D:8      | Noticed a two-headed ogre
 10240 | D:8      | Killed a two-headed ogre
 10241 | D:8      | Reached skill level 1 in Transmutations
 10241 | D:8      | Reached XP level 10. HP: 50/50 MP: 8/25
 10417 | D:8      | Found a basalt altar of Yredelemnul.
 10576 | D:8      | Reached * piety under Qazlal
 10588 | D:8      | Reached skill level 5 in Air Magic
 10848 | D:8      | Found a staircase to the Lair.
 11206 | D:8      | Killed a two-headed ogre
 11207 | D:8      | Reached skill level 1 in Polearms
 11581 | D:9      | Noticed Mickster's ghost (novice HOBe)
 11584 | D:9      | Noticed a two-headed ogre
 11587 | D:9      | Noticed an eight-headed hydra
 11644 | D:9      | Found a runed translucent gate.
 11645 | D:9      | Found a runed translucent gate.
 11646 | D:9      | Found a runed translucent gate.
 11650 | D:9      | Found Wuosaz's Distillery.
 11669 | D:9      | Reached skill level 5 in Fire Magic
 11893 | D:9      | Found Ydeor's Antique Armour Boutique.
 11942 | D:9      | Found an iron altar of Okawaru.
 12009 | D:9      | Found Kometih's Jewellery Shop.
 12018 | D:9      | Found Xitist's Magic Scroll Emporium.
 12122 | D:9      | Reached XP level 11. HP: 54/54 MP: 15/27
 12261 | D:9      | Acquired the +5 scimitar "Woputs" {drain, rPois rN++ Dex-2
                  | SInv}
 12281 | D:9      | Noticed a two-headed ogre
 12288 | D:9      | Killed a two-headed ogre
 12332 | D:9      | Found Raic's Antique Weapon Shoppe.
 12370 | D:9      | Reached ** piety under Qazlal
 12718 | D:9      | Bought 3 scrolls of identify for 96 gold pieces
 12842 | D:6      | Reached skill level 1 in Long Blades
 12850 | D:6      | Reached skill level 10 in Spellcasting
 12857 | D:6      | Killed bairyn's ghost
 13171 | D:9      | Learned a level 4 spell: Fulminant Prism
 13176 | D:9      | Learned a level 3 spell: Inner Flame
 13178 | D:10     | Entered Level 10 of the Dungeon
 13211 | D:10     | Noticed Fannar
 13385 | D:10     | Found a staircase to the Orcish Mines.
 14136 | D:10     | Reached skill level 5 in Armour
 14827 | D:10     | Killed Fannar
 15073 | D:8      | Killed Joseph
 15220 | Lair:1   | Entered Level 1 of the Lair of Beasts
 15227 | Lair:1   | Reached XP level 12. HP: 59/59 MP: 14/30
 15227 | Lair:1   | Reached *** piety under Qazlal
 15344 | Lair:1   | Learned a level 4 spell: Hailstorm
 15750 | Lair:1   | Noticed Sonja
 15758 | Lair:1   | Killed Sonja
 15759 | Lair:1   | Reached skill level 5 in Long Blades
 16169 | Lair:2   | Found a staircase to the Snake Pit.
 17139 | Lair:2   | Found a staircase to the Shoals.
 17660 | Lair:3   | Noticed an eight-headed hydra
 17660 | Lair:3   | Noticed an eight-headed hydra
 17660 | Lair:3   | Noticed a boulder beetle
 17660 | Lair:3   | Noticed an eight-headed hydra
 17663 | Lair:3   | Noticed an anaconda
 17825 | Lair:3   | Reached **** piety under Qazlal
 17852 | Lair:3   | Killed an eight-headed hydra
 18139 | Lair:3   | Reached skill level 1 in Shields
 18139 | Lair:3   | Reached XP level 13. HP: 50/63 MP: 17/32
 19503 | Lair:3   | Reached skill level 1 in Invocations
 19505 | Lair:3   | Reached ***** piety under Qazlal
 19678 | Lair:3   | Learned a level 6 spell: Starburst
 19682 | Lair:3   | Learned a level 3 spell: Gell's Gravitas
 20412 | Lair:4   | Noticed Urug
 20424 | Lair:4   | Killed Urug
 21021 | Lair:5   | Entered Level 5 of the Lair of Beasts
 21480 | Lair:5   | Reached XP level 14. HP: 63/68 MP: 29/35
 21698 | Lair:5   | Reached skill level 10 in Air Magic
 21795 | Lair:5   | Found a staircase to the Slime Pits.
 21795 | Lair:5   | Found a viscous altar of Jiyva.
 22194 | Lair:5   | Noticed a dire elephant
 22194 | Lair:5   | Noticed a dire elephant
 22195 | Lair:5   | Noticed a dire elephant
 22371 | Lair:5   | Identified the +9 flail "No More Talking" {spect, Will+
                  | Str+2 Int+3}
 23207 | Lair:5   | Killed a dire elephant
 23228 | Lair:5   | Killed a dire elephant
 23230 | Lair:5   | Killed a dire elephant
 23519 | Lair:5   | Identified the +6 shadow dragon scales "Xeygaaf" {Rampage
                  | rPois Dex+2 Stlth++++}
 23928 | Orc:1    | Entered Level 1 of the Orcish Mines
 23992 | D:9      | Bought an amulet of magic regeneration for 510 gold pieces
 24227 | Orc:2    | Entered Level 2 of the Orcish Mines
 24270 | Orc:2    | Reached ****** piety under Qazlal
 24368 | Orc:2    | Noticed Erolcha
 24376 | Orc:2    | Killed Erolcha
 24688 | Orc:2    | Reached skill level 15 in Spellcasting
 24873 | Orc:2    | Found a dark tunnel.
 24878 | Volcano  | Entered a volcano
 24962 | Volcano  | Reached XP level 15. HP: 72/72 MP: 27/38
 25064 | Volcano  | Reached skill level 1 in Ice Magic
 25093 | Volcano  | Noticed an orb of fire
 25191 | Volcano  | Noticed an orb of fire
 25575 | Orc:2    | Found Famoguim's Antique Armour Emporium.
 25580 | Orc:2    | Found Cysah's General Store.
 25587 | Orc:2    | Found Fykhig's Armour Shop.
 25589 | Orc:2    | Found Ohur's Book Emporium.
 25830 | Orc:2    | Found a staircase to the Elven Halls.
 25978 | Orc:2    | Bought a +2 cloak of preservation for 258 gold pieces
 25978 | Orc:2    | Bought the +0 pair of gloves of Bitterness {+Blink rPois
                  | rC+ Slay+4} for 558 gold pieces
 26249 | Orc:1    | Found Datitzetz's Book Shoppe.
 26868 | Snake:1  | Entered Level 1 of the Snake Pit
 27360 | Snake:1  | Reached skill level 5 in Invocations
 27377 | Snake:1  | Reached skill level 1 in Fighting
 27398 | Snake:1  | Reached skill level 10 in Fire Magic
 27745 | Snake:1  | Reached skill level 1 in Evocations
 29237 | Snake:2  | Found Sorod's Jewellery Shoppe.
 29338 | Snake:2  | Identified the +1 scale mail of the Maze {Dex+3}
 29340 | Snake:2  | Noticed a nagaraja
 29383 | Snake:2  | Killed a nagaraja
 30060 | Snake:2  | Reached XP level 16. HP: 83/83 MP: 32/40
 30080 | Snake:2  | Found an ancient bone altar of Kikubaaqudgha.
 30209 | Snake:2  | Noticed Vashnia
 30470 | Snake:2  | Reached skill level 15 in Conjurations
 30914 | Orc:2    | Bought a book of Lightning for 432 gold pieces
 31175 | Snake:1  | Learned a level 5 spell: Lightning Bolt
 31179 | Snake:1  | Learned a level 3 spell: Frozen Ramparts
 31325 | Snake:2  | HP: 1/83 [Vashnia/bolt (41)]
 31325 | Snake:2  | Shot with a bolt by Vashnia

Illustrated notes

Levels and vault maps discovered:
D:1:      tarquinn_simple_flora_water_b, layout_loops_corners,
          nicolae_ecumenical_snake_handling, minmay_misc_feat_nine_boxes,
          dreamdust_princess_corridor, minmay_tromino_mix6
D:2:      layout_basic, uniq_crazy_yiuf_cottage
D:3:      layout_rooms, eat_drink_and_be_merry_uskayaw, serial_shops,
          nicolae_shop_stone
D:4:      layout_rooms
D:5:      layout_basic, pdpol_temple_overflow_zin_treasury_gozag_greed,
          serial_shops, nicolae_shop_advertising_works
          [nicolae_subvault_shop_adworks], shop, shop, kennysheep_mini,
          nicolae_shop_statue_plus, enter_ossuary_5, grunt_decor_one_mirror,
          uniq_pikel
D:6:      cheibrodos_fertilizer, layout_basic, gammafunk_ghost_nasty_kobolds,
          grunt_ministairs_9, nrook_pool_corridor,
          chequers_serial_rivers_micro_e
D:7:      layout_loops_corners, temple_fountains, grunt_decor_arrowhead,
          roderic_lattice_a, hangedman_decor_opposing
D:8:      layout_basic, nicolae_yredelemnul_corpse_copse, erik_lair_dragon,
          uniq_joseph
D:9:      layout_long_grid, okawaru_altar_gauntlet_db, gammafunk_ghost_split,
          serial_shops, nicolae_shop_trees, nicolae_shop_hallway_plus,
          nicolae_shop_hallway_plus, nicolae_shop_stone, nicolae_diamond_shop,
          chequers_mini_garden
D:10:     layout_cave_pods, hangedman_misty_isle, uniq_fannar
Temple:   sentei_temple_godly_chess
Lair:1:   layout_loops_ring, minivault_24, uniq_sonja
Lair:2:   layout_loops_ring, elwin_shoals_entry_rooms,
          minmay_snake_entry_guardpost_small
Lair:3:   layout_concentric_octagons, nicolae_lair_lakeside_cave,
          grunt_megastairs_3, serial_bayou_shore_b
Lair:4:   layout_layer_cave, kennysheep_rathole, grunt_megastairs_5, uniq_urug
Lair:5:   due_jungle_book, layout_long_grid, slime_entry_1
Snake:1:  layout_layer_cave, serial_bayou_shore_b
Snake:2:  layout_misc_corridors, serial_shops, nicolae_diamond_shop,
          basic_altar, ebering_ghost_rock_garden, grunt_megastairs_4,
          uniq_vashnia
Orc:1:    layout_diamond_mine, serial_shops, nicolae_shop_stone
Orc:2:    st_orc_elflike, layout_caves, enter_volcano_4, uniq_erolcha

Skill      XL: |  1  2  3  4  5  6  7  8  9 10 11 12 13 14 15 16 |
---------------+-------------------------------------------------+-----
Conjurations   | 6 7 8 9 10 11 12 13 14 15 | 15.0
Spellcasting   | 3 5 6 8 9 10 12 13 15 | 15.8
Translocations | 1 2 |  2.7
Dodging        | 3 |  3.2
Fire Magic     | 1 2 4 5 6 7 8 9 10 | 10.7
Stealth        | 3 |  3.6
Air Magic      | 1 2 4 6 7 8 9 11 12 | 12.3
Poison Magic   | 1 3 4 |  4.7
Armour         | 2 3 5 6 7 |  7.0
Transmutations | 1 |  1.7
Polearms       | 1 |  1.0
Long Blades    | 4 6 7 |  7.2
Shields        | 1 |  1.0
Invocations    | 3 4 5 |  5.8
Ice Magic      | 3 |  3.1
Fighting       | 3 |  3.5
Evocations     | 3 |  3.7
Hexes          | |  0.9

Action                   |  1- 3 |  4- 6 |  7- 9 | 10-12 | 13-15 | 16-18 || total
-------------------------+-------+-------+-------+-------+-------+-------++-------
Melee: Dagger            |       |     1 |     8 |       |       |       ||     9
       Peck              |       |       |     4 |    33 |    59 |       ||    96
       Kick              |       |       |     3 |    65 |    92 |       ||   160
       Headbutt          |       |       |     2 |    46 |    51 |       ||    99
       Spear             |       |       |     1 |    57 |    19 |       ||    77
       Scimitar          |       |       |       |   144 |   231 |       ||   375
       Punch             |       |       |       |     2 |     1 |       ||     3
 Cast: Magic Dart        |    44 |    73 |    82 |    28 |       |       ||   227
       Searing Ray       |     4 |    19 |    65 |    20 |       |       ||   108
       Mephitic Cloud    |       |       |    13 |    96 |   172 |     5 ||   286
       Conjure Flame     |       |       |     7 |     3 |       |       ||    10
       Ignite Poison     |       |       |     6 |    70 |   119 |     5 ||   200
       Flame Wave        |       |       |     1 |    10 |     5 |       ||    16
       Iskenderun's Myst |       |       |       |     6 |   114 |    11 ||   131
       Fulminant Prism   |       |       |       |     5 |    13 |       ||    18
       Inner Flame       |       |       |       |     2 |       |       ||     2
       Hailstorm         |       |       |       |     7 |   143 |    16 ||   166
       Gell's Gravitas   |       |       |       |       |    10 |       ||    10
       Starburst         |       |       |       |       |     2 |     2 ||     4
       Lightning Bolt    |       |       |       |       |       |     4 ||     4
Invok: Elemental Force   |       |       |       |       |     1 |     1 ||     2
       Upheaval          |       |       |       |       |       |     1 ||     1
 Abil: Evoke Blink       |       |       |       |       |       |     1 ||     1
Evoke: Wand              |       |       |     8 |     7 |    11 |     2 ||    28
  Use: Scroll            |       |    11 |    16 |     7 |     6 |       ||    40
       Potion            |       |       |     5 |     6 |     7 |     1 ||    19
 Stab: Confused          |       |       |       |     7 |    13 |       ||    20
       Invisible         |       |       |       |     3 |       |       ||     3
Armor: Robe              |     2 |     2 |     8 |    18 |    37 |       ||    67
       Leather armour    |       |       |       |    19 |     3 |       ||    22
       Troll leather arm |       |       |       |       |    23 |     2 ||    25
Dodge: Dodged            |     8 |    10 |    35 |   158 |   235 |    30 ||   476
       Repelled          |       |       |       |     1 |    14 |     7 ||    22
Block: Other             |       |       |       |    30 |    99 |    21 ||   150
